Map: Port Aleksander LE

Players

Rex

  • Race: Zerg Zerg
  • League: Master
  • Spawn Location: 11:00

GogojOey - Winner!

  • Race: Zerg Zerg
  • Spawn Location: 5:00

Event: 2019 WCS Winter Americas

VOD

Have the link to the VOD?

Description

Time

  • Played on: Feb. 3, 2019, 1:21 p.m.
  • Length: 13:13

All games in this series

Show
View Real Time Build Order
Export as new Build Order

Rex Zerg 

Build Orders: Hatch First 

Get SALT Encoding   

  12  0:00  Drone  
  13  0:13  Overlord  
  13  0:20  Drone  
  14  0:31  Drone x2  
  16  0:50  Hatchery  
  16  0:53  Drone  
  17  0:57  Drone  
  17  1:00  Drone  
  18  1:11  Extractor  
  18  1:16  Spawning Pool  
  16  1:18  Drone  
  16  1:22  Drone  
  18  1:28  Drone  
  19  1:40  Drone  
  20  1:52  Overlord  
  20  2:02  Queen x2  
  20  2:04  Drone  
  20  2:05  Drone  
  26  2:12  Metabolic Boost  
  26  2:15  Zergling x2  
  26  2:16  Drone  
  28  2:24  Drone x2  
  30  2:42  Hatchery  
  29  2:47  Baneling Nest  
  29  2:49  Zergling x2  
  29  2:51  Drone x2  
  31  2:58  Overlord  
  31  2:59  Drone  
  31  3:00  Drone  
  33  3:07  Queen  
  33  3:10  Drone  
  36  3:18  Drone x3  
  36  3:19  Drone  
  40  3:22  Zergling x2  
  40  3:24  Zergling x2  
  40  3:25  Zergling x2  
  43  3:30  Drone  
  43  3:33  Baneling x2  
  44  3:43  Evolution Chamber  
  44  3:45  Drone  
  43  3:53  Overlord  
  43  3:55  Overlord  
  42  4:01  Drone x6  
  48  4:04  Drone  
  48  4:06  Extractor, Lair, Drone  
  49  4:11  Drone  
  49  4:13  Queen  
  52  4:19  Drone, Overlord  
  52  4:20  Drone x2  
  52  4:23  Drone  
  56  4:26  Drone  
  56  4:27  Drone  
  56  4:28  Drone  
  59  4:31  Extractor, Drone  
  59  4:33  Drone x2  
  59  4:36  Overlord  
  59  4:38  Zergling x2  
  62  4:44  Zergling x2  
  62  4:52  Zergling x18  
  71  4:58  Zergling x6  
  73  5:05  Zergling x2  
  73  5:06  Zergling x2  
  75  5:08  Spire  
  75  5:11  Baneling x4  
  74  5:19  Drone x4  
  74  5:21  Drone x2  
  80  5:25  Drone x3, Extractor  
  82  5:29  Overlord x2  
  75  5:37  Zergling x2  
  75  5:38  Drone x3  
  75  5:43  Zergling x2  
  75  5:48  Zergling x4  
  75  5:49  Zergling x4  
  75  5:53  Zergling x2  
  75  5:54  Zergling x2  
  75  5:55  Zergling x4  
  79  5:57  Zergling x2  
  79  6:00  Extractor  
  79  6:01  Extractor, Zergling x2  
  79  6:03  Baneling x2  
  77  6:08  Zerg Missile Weapons Level 1  
  77  6:09  Roach Warren  
  77  6:10  Drone  
  77  6:11  Drone x2  
  79  6:16  Zergling x2  
  80  6:23  Mutalisk  
  79  6:32  Drone x6, Zerg Flyer Armor Level 1  
  85  6:38  Overlord x2  
  81  6:47  Mutalisk  
  81  6:48  Mutalisk x5  
  81  6:53  Mutalisk  
  81  6:54  Roach  
  97  6:57  Overlord  
  97  6:58  Mutalisk  
  98  7:05  Mutalisk  
  98  7:06  Zergling x10  
  98  7:07  Hatchery  
  104  7:15  Mutalisk  
  102  7:21  Mutalisk  
  102  7:22  Zergling x8  
  107  7:27  Zergling x4  
  107  7:29  Mutalisk  
  109  7:30  Mutalisk  
  113  7:38  Mutalisk  
  115  7:45  Overlord x2  
  115  7:46  Hatchery, Overlord x2  
  115  7:49  Overlord  
  111  8:00  Mutalisk  
  111  8:02  Overlord x2  
  111  8:03  Overlord x2  
  111  8:04  Overlord, Mutalisk  
  114  8:06  Mutalisk x3  
  114  8:08  Zergling x2  
  114  8:11  Spore Crawler  
  120  8:13  Baneling x2  
  120  8:19  Drone x2, Mutalisk  
  124  8:21  Zergling x2  
  124  8:22  Zergling x18  
  134  8:32  Mutalisk x3  
  140  8:39  Extractor  
  138  8:44  Mutalisk x2  
  141  8:54  Mutalisk  
  143  8:58  Mutalisk  
  143  9:00  Zergling x2  
  143  9:01  Zergling x16  
  140  9:10  Mutalisk x2  
  129  9:20  Mutalisk  
  121  9:30  Mutalisk x2  
  125  9:31  Zergling x4  
  125  9:32  Zergling x10  
  129  9:39  Zergling x2  
  129  9:40  Zergling x2  
  129  9:42  Mutalisk  
  120  9:47  Zergling x8  
  120  9:49  Mutalisk  
  120  9:51  Hatchery  
  125  9:56  Hatchery, Mutalisk  
  123  10:05  Zergling x4  
  125  10:11  Mutalisk x3  
  125  10:12  Mutalisk  
  126  10:17  Drone  
  124  10:23  Mutalisk  
  124  10:24  Zergling x2  
  124  10:25  Zergling x8  
  124  10:27  Drone  
  119  10:38  Mutalisk x2  
  119  10:39  Zergling x8  
  126  10:45  Drone  
  126  10:46  Drone  
  128  10:50  Mutalisk  
  127  10:59  Mutalisk x2  
  127  11:09  Mutalisk x2  
  127  11:11  Zergling x2  
  127  11:12  Zergling x8  
  127  11:16  Queen  
  134  11:21  Hatchery  
  133  11:26  Mutalisk x3  
  139  11:33  Mutalisk  
  139  11:34  Extractor  
  139  11:35  Drone x5  
  139  11:37  Extractor  
  139  11:38  Spore Crawler  
  143  11:42  Drone  
  143  11:43  Drone x5, Spore Crawler  
  148  11:47  Mutalisk x2  
  148  11:48  Mutalisk  
  147  11:54  Baneling x2  
  145  12:03  Mutalisk x2  
  141  12:12  Mutalisk  
  141  12:13  Zergling x2  
  141  12:14  Zergling x16  
  129  12:18  Mutalisk  
  129  12:21  Zergling x6  
  129  12:22  Zergling x2  
  120  12:26  Mutalisk  
  120  12:28  Mutalisk  
  113  12:31  Zergling x8  
  115  12:38  Mutalisk  
  115  12:39  Zergling x4  
  120  12:45  Mutalisk  
  120  12:48  Mutalisk  
Show
View Real Time Build Order
Export as new Build Order

GogojOey Zerg - Winner!

Build Orders: Hatch First 

Get SALT Encoding   

  12  0:01  Drone  
  13  0:13  Overlord  
  13  0:18  Drone  
  14  0:31  Drone x2  
  16  0:50  Hatchery  
  16  0:52  Drone  
  16  0:56  Drone  
  17  1:00  Drone  
  18  1:10  Extractor  
  17  1:15  Spawning Pool  
  16  1:18  Drone  
  16  1:22  Drone  
  18  1:28  Drone  
  19  1:39  Drone  
  20  1:49  Overlord  
  20  2:01  Drone  
  21  2:02  Queen x2  
  21  2:03  Drone  
  26  2:11  Metabolic Boost  
  26  2:12  Drone  
  26  2:14  Drone  
  28  2:23  Drone  
  28  2:24  Drone  
  30  2:33  Drone  
  30  2:34  Drone  
  32  2:43  Hatchery  
  31  2:45  Zergling x2  
  32  2:52  Drone, Baneling Nest  
  32  2:56  Overlord  
  32  2:59  Drone  
  33  3:05  Queen  
  35  3:14  Drone  
  35  3:15  Drone  
  35  3:17  Drone x3  
  40  3:20  Zergling x2  
  40  3:26  Zergling x4  
  43  3:28  Overlord  
  43  3:33  Evolution Chamber  
  43  3:34  Zergling x2  
  43  3:36  Baneling  
  43  3:38  Overlord  
  43  3:40  Baneling  
  43  3:45  Drone  
  43  3:46  Overlord  
  44  3:52  Drone  
  44  3:53  Drone x2  
  46  3:55  Drone  
  46  3:56  Drone x2  
  46  4:00  Lair  
  49  4:05  Zerg Melee Weapons Level 1  
  49  4:08  Drone, Extractor  
  49  4:09  Extractor  
  48  4:11  Drone  
  48  4:12  Drone  
  48  4:13  Drone  
  48  4:16  Drone  
  52  4:19  Drone  
  52  4:23  Drone x2  
  55  4:35  Overlord  
  55  4:38  Zergling x8  
  57  4:39  Zergling x2  
  57  4:40  Drone, Overlord  
  57  4:41  Drone x2  
  57  4:44  Roach Warren  
  62  4:47  Drone x2  
  64  4:53  Drone x3  
  64  4:56  Extractor  
  64  4:58  Overlord  
  64  4:59  Drone x2  
  68  5:00  Drone  
  69  5:07  Drone x4  
  69  5:09  Extractor  
  69  5:10  Drone x2  
  73  5:17  Spire  
  73  5:18  Drone x2  
  73  5:20  Baneling x3  
  74  5:24  Zergling x2  
  75  5:29  Zergling x6  
  75  5:32  Baneling x2  
  75  5:33  Baneling x2  
  76  5:40  Zergling x6  
  76  5:41  Zergling x8  
  76  5:42  Queen  
  76  5:52  Drone x3  
  76  5:53  Drone x3  
  76  5:55  Baneling x2  
  79  5:58  Drone x3  
  79  6:00  Extractor, Drone  
  81  6:04  Drone x2  
  81  6:09  Baneling x3  
  83  6:14  Drone, Overlord  
  83  6:16  Zergling x4  
  85  6:28  Overlord  
  85  6:29  Drone  
  85  6:30  Drone  
  85  6:31  Mutalisk  
  89  6:35  Overlord  
  89  6:37  Mutalisk x4  
  96  6:41  Overlord  
  96  6:42  Hatchery  
  96  6:46  Drone, Mutalisk  
  95  6:52  Zerg Flyer Armor Level 1  
  97  6:55  Mutalisk x3  
  97  6:56  Mutalisk x2  
  107  7:05  Mutalisk  
  107  7:07  Zergling x8  
  112  7:21  Mutalisk x3  
  112  7:22  Hatchery  
  116  7:23  Zergling x2  
  116  7:24  Zergling x6  
  120  7:31  Mutalisk  
  120  7:35  Mutalisk  
  121  7:39  Overlord x2  
  121  7:43  Overlord  
  121  7:45  Overlord  
  121  7:46  Spore Crawler  
  121  7:49  Overlord  
  120  7:53  Extractor  
  120  7:54  Extractor  
  120  7:55  Overlord  
  116  7:58  Overlord  
  116  7:59  Mutalisk x2  
  116  8:05  Mutalisk x3  
  119  8:07  Zergling x4  
  119  8:08  Zergling x8  
  131  8:14  Mutalisk  
  131  8:20  Mutalisk x2  
  131  8:25  Queen, Zergling x2  
  138  8:30  Mutalisk  
  138  8:31  Zergling x2  
  138  8:32  Zergling x10  
  146  8:35  Mutalisk  
  146  8:41  Mutalisk  
  148  8:42  Hatchery  
  148  8:52  Mutalisk x3  
  148  8:54  Zergling x12  
  158  9:01  Mutalisk x2  
  160  9:04  Zergling x8  
  160  9:07  Overlord  
  141  9:13  Overlord x2  
  141  9:15  Mutalisk  
  125  9:18  Mutalisk  
  125  9:21  Mutalisk  
  125  9:25  Mutalisk  
  125  9:30  Mutalisk x2  
  125  9:33  Mutalisk  
  125  9:35  Zergling x4  
  125  9:36  Zergling x2  
  122  9:43  Drone x5  
  118  9:52  Mutalisk  
  118  9:53  Mutalisk x2  
  118  9:57  Zerg Flyer Weapons Level 1  
  124  10:04  Mutalisk  
  125  10:08  Mutalisk  
  125  10:12  Zergling x8  
  125  10:13  Zergling x4  
  121  10:23  Mutalisk x3  
  121  10:25  Drone x3  
  123  10:30  Mutalisk  
  123  10:35  Mutalisk x2  
  123  10:43  Mutalisk  
  123  10:44  Zergling x4  
  123  10:45  Zergling x4  
  128  10:51  Baneling  
  128  10:53  Mutalisk x2  
  126  10:57  Drone  
  126  10:58  Drone x2  
  126  11:00  Drone  
  126  11:01  Drone  
  126  11:03  Drone  
  130  11:05  Drone  
  130  11:08  Mutalisk  
  130  11:10  Drone x2  
  135  11:16  Mutalisk  
  137  11:23  Mutalisk x2  
  141  11:32  Mutalisk x3  
  141  11:38  Mutalisk x2  
  151  11:50  Baneling  
  151  11:51  Mutalisk  
  151  11:52  Mutalisk  
  151  11:53  Zergling x10  
  151  11:54  Zergling x2  
  160  12:00  Mutalisk x2  
  125  12:17  Mutalisk x3  
  125  12:18  Mutalisk  
  122  12:26  Mutalisk  
  122  12:28  Drone x2  
  122  12:32  Mutalisk  
  122  12:33  Drone x2  
  122  12:34  Drone x2  
  128  12:37  Drone x2  
  130  12:44  Mutalisk x2  
  130  12:48  Mutalisk  
Tags
 
Add a new tag
Caveats
  • Supply blocks, unpowered buildings, or Contaminate may cause inaccurate times.
  • Supply counts are checked every 10 seconds.